 Dungeon Crawl Stone Soup version 0.30.0-15-g856e2d3f33 (webtiles) character file.

Game seed: 7385281000586159879

137 Ijustatesigmund the Trooper (level 5, -2/51 HPs)
             Began as a Gargoyle Fighter on May 19, 2023.
             Slain by an iguana (10 damage)
             ... on level 4 of the Dungeon.
             The game lasted 00:03:23 (2034 turns).

Ijustatesigmund the Trooper (Gargoyle Fighter)      Turns: 2034, Time: 00:03:23

Health: -2/51      AC: 22    Str: 20    XL:     5   Next: 20%
Magic:  5/5        EV:  2    Int: 10    God:
Gold:   138        SH:  4    Dex:  9    Spells: 4/4 levels left

rFire   . . .        a - +0 flail
rCold   . . .        c - +0 buckler
rNeg    + . .        b - melded +0 scale mail
rPois   ∞            v - melded +0 helmet
rElec   .            n - melded +0 cloak
rCorr   .            (gloves currently unavailable)
SInv    .            j - melded +0 pair of boots
Will    .....        (no amulet)
Stlth   +            (no ring)
HPRegen 0.28/turn    (no ring)
MPRegen 0.09/turn

%: no passive effects
@: tree-form
A: stationary, stasis, torment immunity, boosted hp, sickness immunity, AC +4,
negative energy resistance 1, (electricity resistance), torment resistance 1,
petrification resistance
a: no special abilities


You were on level 4 of the Dungeon.
You were a tree.
You visited 1 branch of the dungeon, and saw 4 of its levels.

You collected 138 gold pieces.

Inventory:

Hand Weapons
 a - a +0 flail (weapon)
Missiles
 e - 2 curare-tipped darts (quivered)
Armour
 b - a +0 scale mail (melded)
 c - a +0 buckler (worn)
 j - a +0 pair of boots (melded)
 n - a +0 cloak (melded)
 v - a +0 helmet (melded)
Jewellery
 r - a ring of fire
 u - a +6 ring of intelligence
Scrolls
 f - a scroll of teleportation
Potions
 d - 2 potions of might
 h - a potion of brilliance {unknown}
 k - a potion of attraction {unknown}
 m - 2 potions of lignification
 o - 2 potions of heal wounds {unknown}
 p - a potion of magic {unknown}
 q - a potion of ambrosia {unknown}
 t - a potion of curing {unknown}


   Skills:
 + Level 4.9 Fighting
 + Level 3.8 Maces & Flails
 + Level 3.6 Armour
 - Level 3.2 Shields


You had 4 spell levels left.
You didn't know any spells.
Your spell library contained the following spells:

 Spells                   Type           Power      Damage    Failure   Level
 Foxfire                  Conj/Fire      0%         2x1d4     43%         1
 Sandblast                Erth           0%         2d4       43%         1
 Passwall                 Tmut/Erth      0%         N/A       56%         2
 Gell's Gravitas          Tloc           0%         N/A       80%         3
 Stone Arrow              Conj/Erth      0%         3d7       80%         3
 Teleport Other           Tloc           0%         N/A       80%         3
 Animate Armour           Summ/Erth      0%         N/A       99%         4
 Blade Hands              Tmut           0%         N/A       100%        5
 Fireball                 Conj/Fire      0%         3d3       100%        5
 Dispersal                Tloc           0%         N/A       100%        6
 Iron Shot                Conj/Erth      0%         9d1       100%        6
 Plasma Beam              Fire/Air       0%         2x1d11    100%        6
 Starburst                Conj/Fire      0%         6d3       100%        6


Dungeon Overview and Level Annotations

Branches:
Dungeon (4/15)
 Temple: D:4-7

Altars:
Nemelex Xobeh
Okawaru

Shops:
D:3 =

Annotations:
D:2 1 runed translucent door, Crazy Yiuf, Sigmund


Innate Abilities, Weirdness & Mutations

You are a tree.
Your roots penetrate the ground, keeping you stationary.
You cannot be teleported.
You are immune to unholy pain and torment.
Your maximum health is greatly increased.
Your equipment is partially melded.
You are immune to sickness and miasma.
((Your stone body is resilient. (AC +4)))
You are immune to poison.
You resist negative energy. (rN+)
((You are resistant to electric shocks. (rElec)))
You are resistant to unholy torment.
You are immune to petrification.


Message History

The iguana is heavily wounded.
The iguana bites you.
You closely miss the iguana.
The iguana is heavily wounded.
The iguana bites you but does no damage.
You barely miss the iguana.
The iguana is heavily wounded.
The iguana bites you but does no damage.
The iguana bites you!
You hit the iguana.
The iguana is heavily wounded.
The iguana bites you but does no damage.
You hit the iguana but do no damage.
The iguana is heavily wounded.
The iguana bites you but does no damage.
An iguana is nearby!
You barely miss the iguana.
The iguana is heavily wounded.
The iguana barely misses you.
You hit the iguana.
The iguana is severely wounded.
The iguana bites you! x2
* * * LOW HITPOINT WARNING * * *
You are too injured to fight recklessly!
You are too injured to fight recklessly!
You are too injured to fight recklessly!
You are too injured to fight recklessly!
You are too injured to fight recklessly!
You are too injured to fight recklessly!
You are too injured to fight recklessly!
You are too injured to fight recklessly!
The iguana attacks as you move away! The iguana bites you.
* * * LOW HITPOINT WARNING * * *
The iguana attacks as you move away! The iguana closely misses you.
It was a potion of lignification.
You turn into a tree.
Your +0 cloak melds into your body.
Your +0 helmet melds into your body.
Your +0 pair of boots melds into your body.
Your +0 scale mail melds into your body.
Your roots penetrate the ground.
The iguana bites you!
You die...

..<##.####
.........######
......##......##
......#######..##
......#
#.......##
#.#.#.#
#........#
..#.#.#
#......#.#
....#.#
#......#.#
#####.#
#......#♣# #.#
#......#l## #.#
#......#..# .#
#......##.###
#...... #...#
#........#
#..........#
#............
#..............


You could see an iguana.

Vanquished Creatures
  A jelly (D:4)
  Terence (D:2)
  3 adders
  A worm (D:3)
  A dart slug (D:3)
  5 endoplasms
  6 giant cockroaches
  4 goblins
  3 hobgoblins
  3 jackals (D:1)
  4 kobolds
  A quokka (D:1)
  A ball python (D:3)
  5 bats (D:1)
  3 frilled lizards
  7 rats
49 creatures vanquished.

Notes
Turn   | Place    | Note
-------+----------+-------------------------------------------
     0 | D:1      | Ijustatesigmund the Gargoyle Fighter began the quest for
                  | the Orb.
     0 | D:1      | Reached XP level 1. HP: 14/14 MP: 1/1
   110 | D:1      | Reached XP level 2. HP: 19/19 MP: 2/2
   289 | D:1      | Reached XP level 3. HP: 24/24 MP: 3/3
   303 | D:1      | Reached skill level 4 in Fighting
   768 | D:2      | Reached XP level 4. HP: 30/30 MP: 4/4
   910 | D:2      | Found a runed translucent door.
   911 | D:2      | Noticed Crazy Yiuf
   911 | D:2      | Noticed Sigmund
   951 | D:2      | Noticed Terence
   957 | D:2      | Killed Terence
  1158 | D:3      | Found a sparkling altar of Nemelex Xobeh.
  1611 | D:3      | Found Oschif Feeku's Jewellery Emporium.
  1653 | D:3      | Found an iron altar of Okawaru.
  1831 | D:4      | Reached XP level 5. HP: 30/34 MP: 5/5
  2034 | D:4      | Slain by an iguana

Illustrated notes

Levels and vault maps discovered:
D:1:      matt_arrival_refuge, layout_rooms
D:2:      layout_rooms, nrook_mini_vaults, uniq_terence,
          uniq_crazy_yiuf_cottage, uniq_sigmund
D:3:      layout_rooms, nemelex_xobeh_ov_fountains_minmay, okawaru_trees_2,
          serial_shops, shop
D:4:      minmay_recursive_quarters, layout_basic, grunt_temple_overflow_open,
          kennysheep_generic_room_11

Skill      XL: |  1  2  3 |
---------------+----------+-----
Fighting       | 4 |  4.9
Maces & Flails | 3 |  3.8
Armour         | |  3.6
Shields        | |  3.2

Action                     |  1- 3 |  4- 6 || total
---------------------------+-------+-------++-------
  Melee: Flail             |    89 |    72 ||   161
  Throw: Dart              |       |     1 ||     1
    Use: Scroll            |       |     6 ||     6
         Potion            |       |     1 ||     1
 Armour: Scale mail        |    55 |    48 ||   103
  Dodge: Dodged            |    38 |    31 ||    69
  Block: Buckler           |    22 |     8 ||    30
